 Dungeon Crawl Stone Soup version 0.27-a0-909-g0721f30 (webtiles) character file.

Game seed: 16612775412949783889

112 Nithhogg the Skirmisher (level 4, 0/37 HPs)
             Began as a Demonspawn Fighter on Apr 8, 2021.
             Killed by nerve-wracking pain
             ... invoked by an orc priest
              (2 damage)
             ... on level 4 of the Dungeon.
             The game lasted 00:04:13 (2727 turns).

Nithhogg the Skirmisher (Demonspawn Fighter)        Turns: 2727, Time: 00:04:13

Health: 0/37       AC:  8    Str: 18    XL:     4   Next: 64%
Magic:  4/4        EV:  9    Int:  9    God:
Gold:   174        SH:  9    Dex: 18    Spells: 3/3 levels left

rFire    . . .     SeeInvis .   i - +2 dagger (speed)
rCold    . . .     Faith    .   c - +0 kite shield
rNeg     . . .     Spirit   .   b - +0 scale mail
rPois    .         Reflect  .   k - +0 helmet
rElec    .         Harm     .   (no cloak)
rCorr    .         Rampage  .   (no gloves)
Will     .....                  (no boots)
Stlth    ..........             (no amulet)
HPRegen  0.12/turn              d - +6 ring of dexterity
MPRegen  0.09/turn              (no ring)

@: no status effects
A: repulsion field 1, powered by death 1
a: no special abilities


You were on level 4 of the Dungeon.
You visited 1 branch of the dungeon, and saw 4 of its levels.

You collected 174 gold pieces.

Inventory:

Hand Weapons
 a - a +0 long sword
 i - a +2 dagger of speed (weapon)
Armour
 b - a +0 scale mail (worn)
 c - a +0 kite shield (worn)
 k - a +0 helmet (worn)
Jewellery
 d - a +6 ring of dexterity (left hand)
Scrolls
 l - a scroll of blinking
 m - a scroll of fear {unknown}
Potions
 e - 4 potions of curing {unknown}
 f - a potion of degeneration {unknown}
 g - 3 potions of heal wounds {unknown}
 h - a potion of haste {unknown}
 j - a potion of brilliance {unknown}


   Skills:
 + Level 3.7 Fighting
 + Level 2.7 Long Blades
 + Level 3.3 Armour
 + Level 3.3 Shields


You had 3 spell levels left.
You didn't know any spells.
Your spell library contained the following spells:

 Spells                   Type           Power      Damage    Failure   Level
 Confusing Touch          Hex            0%         N/A       100%        3
 Gell's Gravitas          Tloc           0%         N/A       100%        3
 Petrify                  Tmut/Erth      0%         N/A       100%        4
 Metabolic Englaciation   Hex/Ice        0%         N/A       100%        5
 Yara's Violent Unravell  Hex/Tmut       0%         3d3       100%        5


Dungeon Overview and Level Annotations

Branches:
Dungeon (4/15)
 Temple: D:4-7

Altars:

Annotations:
D:4 Blork the orc


Innate Abilities, Weirdness & Mutations

You are surrounded by a mild repulsion field. (EV +2)
You regenerate a little health from kills.


Message History

The orc priest is moderately wounded.
An orc wizard comes into view. It is wielding a +0 dagger.
The orc priest hits you but does no damage.
You closely miss the orc priest.
The orc priest is moderately wounded.
You block the orc priest's attack.
You hit the orc priest but do no damage.
The orc priest is moderately wounded.
The orc priest hits you with a +0 whip.
You hit the orc priest but do no damage.
The orc priest is heavily wounded.
Blork the orc jeers loudly.
An orc comes into view. It is wielding a +0 mace.
The orc shouts!
Blork the orc casts a spell at you. The puff of frost hits you!
You see here a scroll of identify.
Blork the orc points at you and mumbles some strange words.
The magic dart hits you!
Throw: 2 darts (poison)
Press: ? - help, Q - select action Shift-Dir - straight line, f/p - orc priest
Aim: an orc priest, wielding a +0 whip and wearing a +0 chain mail (heavily wounded, poisoned, 69% to hit)
You throw a poisoned dart.
The poisoned dart closely misses the orc priest.
The poisoned dart barely misses Blork the orc.
The orc priest mumbles some strange prayers to Beogh against you.
Pain shoots through your body!
Blork the orc miscasts a cantrip.
Throw: dart (poison)
Press: ? - help, Q - select action Shift-Dir - straight line, f/p - orc priest
Aim: an orc priest, wielding a +0 whip and wearing a +0 chain mail (severely wounded, poisoned, 69% to hit)
You throw a poisoned dart. The poisoned dart hits the orc.
The orc is poisoned.
The orc hits you but does no damage.
The orc priest looks more healthy.
The orc priest mumbles some strange prayers to Beogh against you.
Beogh smites you!
* * * LOW HITPOINT WARNING * * *
The orc priest mumbles some strange prayers to Beogh against you.
Pain shoots through your body!
You die...

..(#. .# .#
#.(. .##.#
#..####.....
#.oo.....#
#.oo?....# #
###.(....#.#
##.o...#.#
#.......#
#.#@..###
#.#...#
#.#...#
#?#...#
#.#...#
##.#...#
#......#
########.###
#.<.####.#


You could see Blork the orc, an orc priest, an orc wizard and 2 orcs.

Vanquished Creatures
  Robin (D:3)
  2 adders
  2 worms
  8 orcs
  An endoplasm (D:1)
  8 hobgoblins
  5 jackals
  4 kobolds
  2 quokkas (D:1)
  7 ball pythons
  4 bats
  6 frilled lizards
  12 goblins
  4 rats
66 creatures vanquished.

Notes
Turn   | Place    | Note
-------+----------+-------------------------------------------
     0 | D:1      | Nithhogg the Demonspawn Fighter began the quest for the
                  | Orb.
     0 | D:1      | Reached XP level 1. HP: 18/18 MP: 1/1
   345 | D:1      | Gained mutation: You are surrounded by a mild repulsion
                  | field. (EV +2) [demonic ancestry]
   345 | D:1      | Reached XP level 2. HP: 15/24 MP: 2/2
  1271 | D:2      | Gained mutation: You regenerate a little health from kills.
                  | [demonic ancestry]
  1271 | D:2      | Reached XP level 3. HP: 20/29 MP: 3/3
  1355 | D:2      | Found a faded altar of an unknown god.
  2206 | D:3      | Reached XP level 4. HP: 35/35 MP: 4/4
  2251 | D:3      | Noticed Robin
  2272 | D:3      | Killed Robin
  2716 | D:4      | Noticed Blork the orc
  2727 | D:4      | Killed from afar by an orc priest

Illustrated notes

Levels and vault maps discovered:
D:1:      ncdulo_lavacross, layout_basic
D:2:      layout_basic, ebering_ecumenical_altar_rust
D:3:      layout_basic, minivault_26, kennysheep_cross_bottleneck,
          minmay_diced_spiral, uniq_robin
D:4:      minmay_bubble_buster, layout_loops_ring, kennysheep_mini_moat,
          pdpol_wu_jian_five_deadly_venoms, uniq_blork_the_orc

Skill      XL: |  1  2 |
---------------+-------+-----
Long Blades    | 2 |  2.7
Armour         | 3 |  3.3
Shields        | 3 |  3.3
Fighting       | |  3.7

Action                   |  1- 3 |  4- 6 || total
-------------------------+-------+-------++-------
Melee: Long sword        |    40 |       ||    40
       Dagger            |   126 |    72 ||   198
Throw: Dart              |       |     5 ||     5
  Use: Scroll            |     2 |       ||     2
       Potion            |       |     1 ||     1
Armor: Scale mail        |    51 |    32 ||    83
Dodge: Dodged            |    41 |    22 ||    63
Block: Kite shield       |    70 |    33 ||   103
       Rpst.: Long sword |     1 |       ||     1

Table legend: (Time is in decaauts)
 A = Elapsed time spent in this place.
 B = Non-inter-level travel time spent in this place.
 C = Inter-level travel time spent in this place.
 D = Time resting spent in this place.
 E = Time spent auto-exploring this place.
 F = Levels seen in this place.
 G = Mean time per level.
                   A        B        C        D        E       F      G
               +--------+--------+--------+--------+--------+-----+--------+
         Total |   2721 |   2616 |    105 |      0 |   2171 |   4 |  680.2 |
       Dungeon |   2721 |   2616 |    105 |      0 |   2171 |   4 |  680.2 |
               +--------+--------+--------+--------+--------+-----+--------+

Top non-repeatable levels by time:
     D:1: 1270 daAuts
     D:2: 741 daAuts
     D:3: 670 daAuts
     D:4: 39 daAuts
